 Dungeon Crawl Stone Soup version 0.22.0-2-ge58baed0e8 (webtiles) character file.

207 Htamos the Grave Robber (level 5, -1/35 HPs)
             Began as a Mummy Necromancer on Aug 12, 2018.
             Slain by a killer bee (9 damage)
             ... on level 4 of the Dungeon.
             The game lasted 00:07:38 (3457 turns).

Htamos the Grave Robber (Mummy Necromancer)         Turns: 3457, Time: 00:07:41

Health: -1/35      AC:  3    Str: 11    XL:     5   Next: 54%
Magic:  4/11       EV: 13    Int: 16    God:
Gold:   179        SH:  0    Dex: 12    Spells: 3/12 levels left

rFire    x . .     SeeInvis .   b - +0 short sword
rCold    + . .     Gourm    .   (no shield)
rNeg     + + +     Faith    .   a - +0 robe
rPois    ∞         Spirit   .   (no helmet)
rElec    .         Reflect  .   (no cloak)
rCorr    .         Harm     .   k - +0 pair of gloves
MR       .....                  (no boots)
Stlth    ++........             (no amulet)
HPRegen  0.11/turn              (no ring)
MPRegen  0.12/turn              (no ring)

@: no status effects
A: no food or potions, fire vulnerability, cold resistance 1, negative energy
resistance 3, torment resistance, unbreathing
a: no special abilities


You were on level 4 of the Dungeon.
You were not hungry.

You visited 1 branch of the dungeon, and saw 4 of its levels.

You collected 179 gold pieces.

Inventory:

Hand Weapons
 b - a +0 short sword (weapon)
Missiles
 c - 8 tomahawks of returning (quivered)
 e - a throwing net
 f - 8 javelins
 i - 138 stones
Armour
 a - a +0 robe (worn)
 k - a +0 pair of gloves (worn)
 l - a +0 ring mail
Jewellery
 h - an uncursed ring of flight {unknown}
Scrolls
 d - 2 scrolls of identify {unknown}
 g - a scroll of magic mapping {unknown}
 j - 2 scrolls of remove curse
 m - a scroll of noise {unknown}
 n - 2 scrolls of blinking {unknown}
 o - a scroll of amnesia {unknown}


   Skills:
 + Level 2.7 Dodging
 - Level 1.5 Stealth
 + Level 4.2 Spellcasting
 * Level 5.5 Necromancy


You had 3 spell levels left.
You knew the following spells:

 Your Spells              Type           Power        Failure   Level  Hunger
a - Pain                  Necr           ###.         1%          1    N/A
b - Animate Skeleton      Necr           N/A          1%          1    N/A
c - Vampiric Draining     Necr           ###.......   4%          3    N/A
d - Animate Dead          Necr           N/A          17%         4    N/A

Your spell library contained the following spells:

 Spells                   Type           Power        Failure   Level  Hunger
 Apportation              Tloc           #.....       17%         1    N/A
 Summon Small Mammal      Summ           #...         17%         1    N/A
 Regeneration             Chrm/Necr      ##........   16%         3    N/A
 Confusing Touch          Hex            #.....       17%         1    N/A

Dungeon Overview and Level Annotations

Branches:
Dungeon (4/15)
 Temple: D:4-7

Altars:
Okawaru
Zin

Shops:
D:4 *

Annotations:
D:4 exclusion: phantom


Innate Abilities, Weirdness & Mutations

You do not eat or drink.
Your flesh is vulnerable to fire.
You are immune to poison.
Your flesh is cold resistant. (rC+)
You are immune to negative energy. (rN+++)
You are immune to unholy pain and torment.
You can survive without breathing.


Message History

A ball python comes into view.
The killer bee closely misses you. The killer bee misses you.
Casting: Pain (safe; 1% risk of failure)
Confirm with . or Enter, or press ? or * to list all spells.
Aiming: Pain (safe; 1% risk of failure)
Press: ? - help, Shift-Dir - straight line, f/p - killer bee
Aim: a killer bee (moderately wounded, chance to defeat MR: 85%)
The killer bee writhes in agony!
You kill the killer bee!
The ball python hisses angrily.
The killer bee stings you. The killer bee misses you.
Unknown command.
As you read the scroll labeled EDUDOF YXA, it crumbles to dust.
You feel blessed for a moment.
It was a scroll of remove curse.
A killer bee comes into view.
The killer bee stings you!
* * * LOW HITPOINT WARNING * * *
The killer bee barely misses you. The killer bee misses you.
The killer bee closely misses you. The killer bee stings you!
You die...

### ..# ######## ...
###....... #.#
#.......## ## #y#
#.......# ..y.###y##
#.......# #..Sy@y#
#.......# #.###..#
#.......# ##...#
#.......# #....####
#.......# # #.......#
####.#### #.#.##.##.#
#.### #.#..#.##.#
#.#.##
##......##.######....##
+......................


You could see 5 killer bees and a ball python.

Vanquished Creatures
  A scorpion (D:4)
  A killer bee (D:4)
  A worker ant (D:4)
  A gnoll (D:1)
  2 adders
  2 leopard geckos
  3 orcs (D:3)
  4 giant cockroaches
  5 hobgoblins
  4 jackals (D:2)
  A quokka (D:3)
  2 ball pythons
  8 bats
  3 frilled lizards
  7 goblins
  7 kobolds
  7 rats
59 creatures vanquished.

Vanquished Creatures (collateral kills)
  An orc (D:3)
1 creature vanquished.

Grand Total: 60 creatures vanquished

Notes
Turn   | Place    | Note
-------+----------+-------------------------------------------
     0 | D:1      | Htamos the Mummy Necromancer began the quest for the Orb.
     0 | D:1      | Reached XP level 1. HP: 13/13 MP: 4/4
   330 | D:1      | Reached XP level 2. HP: 19/19 MP: 4/6
   929 | D:2      | Reached XP level 3. HP: 24/24 MP: 4/7
  1251 | D:2      | Found an iron altar of Okawaru.
  1384 | D:2      | Learned a level 1 spell: Animate Skeleton
  1388 | D:2      | Learned a level 3 spell: Vampiric Draining
  1539 | D:2      | Found a glowing silver altar of Zin.
  2227 | D:3      | Reached XP level 4. HP: 30/30 MP: 7/9
  2948 | D:4      | Reached skill level 5 in Necromancy
  2948 | D:4      | Reached XP level 5. HP: 28/35 MP: 2/11
  3023 | D:4      | Learned a level 4 spell: Animate Dead
  3045 | D:4      | Noticed a phantom
  3078 | D:4      | Found Ciaqarodd's General Store.
  3457 | D:4      | Slain by a killer bee

Skill      XL: |  1  2  3  4 |
---------------+-------------+-----
Spellcasting   | 3 4 |  4.2
Dodging        | 2 |  2.7
Necromancy     | 5 |  5.5
Stealth        | |  1.5

Action                   |  1- 3 |  4- 6 || total
-------------------------+-------+-------++-------
Melee: Short sword       |     4 |       ||     4
 Cast: Pain              |    84 |    38 ||   122
       Animate Skeleton  |    11 |     7 ||    18
  Use: Scroll            |       |     1 ||     1
Armor: Robe              |    10 |     2 ||    12
Dodge: Dodged            |    14 |    14 ||    28
